 Dungeon Crawl Stone Soup version 0.24.1-4-ge52af88ad5 (webtiles) character file.

Game seed: 16968514042614437, levelgen mode: deterministic

6 nightchill the Caller (level 1, -3/13 HPs)
             Began as a Gnoll Summoner on Apr 15, 2020.
             Slain by a gnoll
             ... wielding a cursed -2 halberd
              (12 damage)
             ... on level 1 of the Dungeon.
             The game lasted 00:00:59 (122 turns).

nightchill the Caller (Gnoll Summoner)               Turns: 122, Time: 00:00:59

Health: -3/13      AC:  2    Str: 10    XL:     1   Next: 90%
Magic:  4/6        EV: 14    Int: 17    God:
Gold:   21         SH:  0    Dex: 15    Spells: 8/9 levels left

rFire    . . .     SeeInvis .   (no weapon)
rCold    . . .     Gourm    .   (no shield)
rNeg     . . .     Faith    .   a - +0 robe
rPois    .         Spirit   .   (no helmet)
rElec    .         Reflect  .   (no cloak)
rCorr    .         Harm     .   (no gloves)
MR       .....                  (no boots)
Stlth    +++.......             (no amulet)
HPRegen  0.04/turn              (no ring)
MPRegen  0.10/turn              (no ring)

@: very slightly contaminated
A: distributed training, fangs 1, strong nose
a: no special abilities


You were on level 1 of the Dungeon.
You were not hungry.

You visited 1 branch of the dungeon, and saw 1 of its levels.

You collected 21 gold pieces.

Inventory:

Missiles
 d - 23 stones (quivered)
Armour
 a - a +0 robe (worn)
Scrolls
 e - a scroll of random uselessness {unknown}
Potions
 b - a potion of might {unknown}
Comestibles
 c - a ration
 f - 3 chunks of flesh


   Skills:
 + Level 0.1 Fighting
 + Level 0.1 Short Blades
 + Level 0.1 Long Blades
 + Level 0.1 Axes
 + Level 0.1 Maces & Flails
 + Level 0.1 Polearms
 + Level 0.1 Staves
 + Level 0.1 Slings
 + Level 0.1 Bows
 + Level 0.1 Crossbows
 + Level 0.1 Throwing
 + Level 0.1 Armour
 + Level 4.4 Dodging
 + Level 4.0 Stealth
 + Level 0.1 Shields
 + Level 0.1 Unarmed Combat
 + Level 4.9 Spellcasting
 + Level 0.1 Conjurations
 + Level 0.1 Hexes
 + Level 0.1 Charms
 + Level 7.0 Summonings
 + Level 0.1 Necromancy
 + Level 0.1 Translocations
 + Level 0.1 Transmutations
 + Level 0.1 Fire Magic
 + Level 0.1 Ice Magic
 + Level 0.1 Air Magic
 + Level 0.1 Earth Magic
 + Level 0.1 Poison Magic
 + Level 0.2 Invocations
 + Level 0.1 Evocations


You had 8 spell levels left.
You knew the following spells:

 Your Spells              Type           Power        Failure   Level  Hunger
a - Summon Small Mammal   Summ           ####         1%          1    None

Your spell library contained the following spells:

 Spells                   Type           Power        Failure   Level  Hunger
 Call Imp                 Summ           ####....     1%          2    #......
 Call Canine Familiar     Summ           ####....     2%          3    ###....
 Summon Guardian Golem    Hex/Summ       ###.....     10%         3    ###....
 Summon Ice Beast         Ice/Summ       ###.....     32%         4    ####...
 Summon Lightning Spire   Summ/Air       ###.....     32%         4    ####...


Dungeon Overview and Level Annotations

Branches:
Dungeon (1/15)

Altars:


Innate Abilities, Weirdness & Mutations

Your experience applies equally to all skills.
You have very sharp teeth.
Your uncanny sense of smell can sniff out nearby items.


Message History

Your quokka barely misses the rat.
Your quokka bites the rat.
The rat bites your quokka.
Your quokka misses the rat. The rat closely misses your quokka.
Your quokka bites the rat.
The rat dies!
The hobgoblin misses your quokka. What are your orders? t - Bark!
Orders for allies: a - Attack new target. r - Retreat! s - Stop attacking. g - Guard the area. f - Follow me.
Anything else - Cancel.
Guard this area!
The gnoll hits you from afar with a cursed -2 halberd.
Your quokka barely misses the gnoll.
Your quokka closely misses the gnoll.
Your quokka bites the gnoll.
You see here a jackal corpse.
The gnoll hits you from afar with a cursed -2 halberd!
Ouch! That really hurt!
You die...

...........# .......#
...........# ......#
...÷.......# ......#
.........÷.### .....#
.............###...#
..................#
.†..........r..†..#
..........g..rg...#
.............r..@.###
.................†..##
.................÷#..#
####.######.########.##
#... #..#
#.###..######## .#..
.... #.............###
...##..#............
#...........#####..
###.....####...####


You could see a gnoll, a hobgoblin and 3 friendly quokkas.

Vanquished Creatures
  2 rats (D:1)
2 creatures vanquished.

Vanquished Creatures (collateral kills)
  A dart slug (D:1)
  2 jackals (D:1)
  3 rats (D:1)
6 creatures vanquished.

Grand Total: 8 creatures vanquished

Notes
Turn   | Place    | Note
-------+----------+-------------------------------------------
     0 | D:1      | nightchill the Gnoll Summoner began the quest for the Orb.
     0 | D:1      | Reached XP level 1. HP: 13/13 MP: 6/6
   122 | D:1      | Slain by a gnoll

Levels and vault maps discovered:
D:1:      elethiomel_arrival_infinity_welcomes_careful_drivers, layout_rooms,
          chequers_arboretum

Action                   || total
-------------------------++-------
Melee: Unarmed           ||    12
       Bite              ||     1
 Cast: Summon Small Mamm ||     7
Armor: Robe              ||     2
Dodge: Dodged            ||    12
